| TOP OF THE 1ST |
|
Birmingham Barons batting - Pitching for Jackson Generals : RHP Michel Méry
|
|
Pitching: RHP Michel Méry
|
|
|
Batting: SHB Jay Gagnon
|
0-0: Ball 1-0: Ball 2-0: Foul Ball, location: 2F 2-1: Ball 3-1: Base on Balls
|
|
Batting: LHB Larry Myers
|
0-0: Called Strike 0-1: Called Strike Jay Gagnon steals 2nd base 0-2: Ball 1-2: Fly out, F9 (Line Drive, 9, EV 101.2 MPH)
|
|
Batting: SHB Ruben Velasco Jr.
|
0-0: Swinging Strike 0-1: Ball 1-1: Swinging Strike 1-2: Ball 2-2: Strikes out swinging
|
|
Batting: LHB Justin Stickney
|
0-0: Ball 1-0: Ball 2-0: Called Strike 2-1: Ball 3-1: Base on Balls
|
|
Batting: RHB Ethan McCullough
|
0-0: Swinging Strike 0-1: Fielders Choice at 2nd, 6-4 (Groundball, 6, EV 99.4 MPH)
|
| Top of the 1st over - 0 runs, 0 hits, 0 errors, 2 left on base; Birmingham 0 - Jackson 0 |
| BOTTOM OF THE 1ST |
|
Jackson Generals batting - Pitching for Birmingham Barons : RHP Clay Redman
|
|
Pitching: RHP Clay Redman
|
|
|
Batting: RHB Tomokazu Sugimoto
|
0-0: Called Strike 0-1: Ball 1-1: Ball 2-1: Swinging Strike 2-2: Strikes out swinging
|
|
Batting: RHB Enrique Valdez
|
0-0: Called Strike 0-1: Ball 1-1: Foul Ball, location: 2F 1-2: Ball 2-2: Ball 3-2: Ground out U3 (Groundball, 34, EV 76.9 MPH)
|
|
Batting: RHB Julian Gregory
|
0-0: Ball 1-0: SINGLE (Groundball, 4MD, EV 99.4 MPH)
|
|
Batting: RHB Mike Conaway
|
0-0: Ball Julian Gregory is caught stealing 2nd base 2-4
|
| Bottom of the 1st over - 0 runs, 1 hit, 0 errors, 0 left on base; Birmingham 0 - Jackson 0 |
| TOP OF THE 2ND |
|
Birmingham Barons batting - Pitching for Jackson Generals : RHP Michel Méry
|
|
Batting: LHB Matt Hyde
|
0-0: Ball 1-0: Swinging Strike 1-1: Swinging Strike 1-2: SINGLE (Line Drive, 89S, EV 102.5 MPH)
|
|
Batting: RHB Toichiro Fujimoto
|
0-0: SINGLE (Groundball, 34S, EV 84.4 MPH) (infield hit) Matt Hyde to second
|
|
Batting: SHB Josh Conner
|
0-0: Called Strike 0-1: Swinging Strike 0-2: Ball 1-2: Fielders Choice at 2nd, 3-6 (Groundball, 3, EV 82.5 MPH) Matt Hyde to third
|
|
Batting: LHB Dalton Silveira
|
0-0: 3-RUN HOME RUN (Flyball, 9D, EV 103.1 MPH), Distance : 391 ft
|
|
Batting: SHB Jay Gagnon
|
0-0: Ball 1-0: Ball 2-0: Called Strike 2-1: Fly out, F9 (Flyball, 9S, EV 92.5 MPH)
|
|
Batting: LHB Larry Myers
|
0-0: Ball 1-0: Swinging Strike 1-1: Ball 2-1: Fly out, F8 (Line Drive, 78M, EV 90.6 MPH)
|
| Top of the 2nd over - 3 runs, 3 hits, 0 errors, 0 left on base; Birmingham 3 - Jackson 0 |
| BOTTOM OF THE 2ND |
|
Jackson Generals batting - Pitching for Birmingham Barons : RHP Clay Redman
|
|
Batting: RHB Mike Conaway
|
0-0: Called Strike 0-1: Called Strike 0-2: Ball 1-2: Foul Ball, location: 2F 1-2: Strikes out looking
|
|
Batting: RHB Kagetoki Kawai
|
0-0: Ball 1-0: Swinging Strike 1-1: Foul Ball, location: 2F 1-2: Ball 2-2: Foul Ball, location: 2F 2-2: Strikes out looking
|
|
Batting: SHB Brendan Bundy
|
0-0: Called Strike 0-1: Foul Ball, location: 2F 0-2: Ball 1-2: Ball 2-2: Strikes out swinging
|
| Bottom of the 2nd over - 0 runs, 0 hits, 0 errors, 0 left on base; Birmingham 3 - Jackson 0 |
| TOP OF THE 3RD |
|
Birmingham Barons batting - Pitching for Jackson Generals : RHP Michel Méry
|
|
Batting: SHB Ruben Velasco Jr.
|
0-0: Ball 1-0: Ball 2-0: Ball 3-0: Base on Balls
|
|
Batting: LHB Justin Stickney
|
0-0: Called Strike 0-1: Swinging Strike 0-2: Foul Ball, location: 2F 0-2: Ball 1-2: DOUBLE (Line Drive, 78XD, EV 111.2 MPH) Ruben Velasco Jr. to third
|
|
Batting: RHB Ethan McCullough
|
0-0: Called Strike 0-1: Called Strike 0-2: Ball 1-2: Ground out 5-3 (Groundball, 56S, EV 68.1 MPH) Ruben Velasco Jr. scores Justin Stickney to third
|
|
Batting: LHB Matt Hyde
|
0-0: Ball 1-0: Ball 2-0: Ball 3-0: Base on Balls
|
|
Batting: RHB Toichiro Fujimoto
|
0-0: Ball Matt Hyde steals 2nd base 1-0: Ball 2-0: Swinging Strike 2-1: Ball 3-1: Base on Balls
|
|
Batting: SHB Josh Conner
|
0-0: Foul Ball, location: 2F 0-1: Foul Ball, location: 2F 0-2: Foul Ball, location: 2F 0-2: Ball 1-2: SINGLE (Line Drive, 34D, EV 104.4 MPH) Justin Stickney scores Matt Hyde to third Toichiro Fujimoto to second
|
|
Pitching: RHP Adam Fair
|
|
|
Batting: LHB Dalton Silveira
|
0-0: Grounds into double play, 6-4-3 (Groundball, 6, EV 93.8 MPH)
|
| Top of the 3rd over - 2 runs, 2 hits, 0 errors, 2 left on base; Birmingham 5 - Jackson 0 |
| BOTTOM OF THE 3RD |
|
Jackson Generals batting - Pitching for Birmingham Barons : RHP Clay Redman
|
|
Batting: RHB Ching-hsia Zhang
|
0-0: Called Strike 0-1: Ball 1-1: Ball 2-1: Ground out 3-1 (Groundball, 34, EV 103.1 MPH)
|
|
Batting: RHB Victor Rosas
|
0-0: Foul Ball, location: 2F 0-1: Ball 1-1: Ground out 5-3 (Groundball, 56, EV 80.6 MPH)
|
|
Batting: RHB Egidius Kruger
|
0-0: Ball 1-0: Ball 2-0: Foul Ball, location: 2F 2-1: Ground out 5-3 (Groundball, 15, EV 82.5 MPH)
|
| Bottom of the 3rd over - 0 runs, 0 hits, 0 errors, 0 left on base; Birmingham 5 - Jackson 0 |
| TOP OF THE 4TH |
|
Birmingham Barons batting - Pitching for Jackson Generals : RHP Adam Fair
|
|
Batting: SHB Jay Gagnon
|
0-0: Ball 1-0: Ball 2-0: Ball 3-0: Called Strike 3-1: Swinging Strike 3-2: Foul Ball, location: 2F 3-2: Strikes out swinging
|
|
Batting: LHB Larry Myers
|
0-0: Called Strike 0-1: Called Strike 0-2: Ball 1-2: Ball 2-2: Foul Ball, location: 2F 2-2: Foul Ball, location: 2F 2-2: Ball 3-2: Strikes out looking
|
|
Batting: SHB Ruben Velasco Jr.
|
0-0: Ball 1-0: Called Strike 1-1: Swinging Strike 1-2: Ball 2-2: Ball 3-2: Base on Balls
|
|
Batting: LHB Justin Stickney
|
0-0: Ball 1-0: Called Strike 1-1: Ball 2-1: Ball 3-1: Foul Ball, location: 2F 3-2: Foul Ball, location: 2F 3-2: Base on Balls Ruben Velasco Jr. to second
|
|
Batting: RHB Ethan McCullough
|
0-0: Ball 1-0: Ball 2-0: 3-RUN HOME RUN (Line Drive, 7D, EV 105.0 MPH), Distance : 404 ft
|
|
Batting: LHB Matt Hyde
|
0-0: Ball 1-0: Ball 2-0: Foul Ball, location: 2F 2-1: Ball 3-1: Base on Balls
|
|
Batting: RHB Toichiro Fujimoto
|
0-0: Ball 1-0: Called Strike 1-1: Ball 2-1: Foul Ball, location: 2F 2-2: Ball 3-2: Strikes out swinging
|
| Top of the 4th over - 3 runs, 1 hit, 0 errors, 1 left on base; Birmingham 8 - Jackson 0 |
| BOTTOM OF THE 4TH |
|
Jackson Generals batting - Pitching for Birmingham Barons : RHP Clay Redman
|
|
Batting: RHB Tomokazu Sugimoto
|
0-0: Ball 1-0: Ball 2-0: Called Strike 2-1: Foul Ball, location: 2F 2-2: SINGLE (Line Drive, 4D, EV 95.0 MPH)
|
|
Batting: RHB Enrique Valdez
|
0-0: Ball 1-0: Called Strike 1-1: Called Strike 1-2: Ball 2-2: SINGLE (Line Drive, 7S, EV 91.2 MPH) Tomokazu Sugimoto to second
|
|
Batting: RHB Julian Gregory
|
0-0: Ball 1-0: Ball 2-0: Called Strike 2-1: Fielders Choice at 2nd, 5-4 (Groundball, 56, EV 86.2 MPH) Tomokazu Sugimoto to third
|
|
Batting: RHB Mike Conaway
|
0-0: Ball 1-0: Fly out, F5 (Popup, 5SF, EV 73.1 MPH)
|
|
Batting: RHB Kagetoki Kawai
|
0-0: Ball 1-0: Called Strike 1-1: Called Strike 1-2: Reached on error, E5 (Groundball, 6S, EV 70.6 MPH) Tomokazu Sugimoto scores Julian Gregory to second
|
|
Batting: SHB Brendan Bundy
|
0-0: Swinging Strike 0-1: Foul Ball, location: 2F 0-2: Foul Ball, location: 2F 0-2: Ball 1-2: Ball 2-2: SINGLE (Line Drive, 78S, EV 100.6 MPH) Julian Gregory to third Kagetoki Kawai to second Runner from 3rd tries for Home, throw by LF and OUT! 7-2
|
| Bottom of the 4th over - 1 run, 3 hits, 1 error, 2 left on base; Birmingham 8 - Jackson 1 |
| TOP OF THE 5TH |
|
Birmingham Barons batting - Pitching for Jackson Generals : RHP Adam Fair
|
|
Batting: SHB Josh Conner
|
0-0: Ball 1-0: Swinging Strike 1-1: Swinging Strike 1-2: Ground out 3-1 (Groundball, 34S, EV 83.8 MPH)
|
|
Pitching: RHP Jose Acevedo
|
|
|
Batting: LHB Dalton Silveira
|
0-0: Ball 1-0: Called Strike 1-1: Called Strike 1-2: Ball 2-2: Foul Ball, location: 2F 2-2: Ball 3-2: Base on Balls
|
|
Batting: SHB Jay Gagnon
|
0-0: TRIPLE (Flyball, 8LXD, EV 90.6 MPH) Dalton Silveira scores
|
|
Batting: LHB Larry Myers
|
0-0: Ball 1-0: SINGLE (Line Drive, 4MD, EV 105.0 MPH) Jay Gagnon scores
|
|
Batting: SHB Ruben Velasco Jr.
|
0-0: Swinging Strike 0-1: Swinging Strike 0-2: Ball 1-2: Foul Ball, location: 2F 1-2: Foul Ball, location: 2F 1-2: Ball 2-2: Strikes out swinging
|
|
Batting: LHB Justin Stickney
|
0-0: Ground out U3 (Groundball, 3, EV 88.8 MPH)
|
| Top of the 5th over - 2 runs, 2 hits, 0 errors, 1 left on base; Birmingham 10 - Jackson 1 |
| BOTTOM OF THE 5TH |
|
Jackson Generals batting - Pitching for Birmingham Barons : RHP Clay Redman
|
|
Batting: RHB Ching-hsia Zhang
|
0-0: Ball 1-0: Foul Ball, location: 2F 1-1: Called Strike 1-2: Ground out 4-3 (Groundball, 4, EV 86.9 MPH)
|
|
Batting: RHB Victor Rosas
|
0-0: Foul Ball, location: 2F 0-1: Fly out, F8 (Flyball, 8RD, EV 81.9 MPH)
|
|
Batting: RHB Egidius Kruger
|
0-0: Ball 1-0: Ball 2-0: Ball 3-0: Called Strike 3-1: Called Strike 3-2: Ground out 6-3 (Groundball, P, EV 76.9 MPH)
|
| Bottom of the 5th over - 0 runs, 0 hits, 0 errors, 0 left on base; Birmingham 10 - Jackson 1 |
| TOP OF THE 6TH |
|
Birmingham Barons batting - Pitching for Jackson Generals : RHP Jose Acevedo
|
|
Batting: RHB Ethan McCullough
|
0-0: Ball 1-0: Called Strike 1-1: Foul Ball, location: 2F 1-2: Ball 2-2: Foul Ball, location: 2F 2-2: Foul Ball, location: 2F 2-2: Fly out, F9 (Flyball, 9S, EV 86.9 MPH)
|
|
Batting: LHB Matt Hyde
|
0-0: Ball 1-0: Called Strike 1-1: Swinging Strike 1-2: Ball 2-2: Foul Ball, location: 2F 2-2: Strikes out swinging
|
|
Batting: RHB Toichiro Fujimoto
|
0-0: Ball 1-0: Foul Ball, location: 2F 1-1: Ball 2-1: Foul Ball, location: 2F 2-2: Reached on error, E4 (Groundball, 4, EV 81.2 MPH)
|
|
Batting: SHB Josh Conner
|
0-0: Called Strike 0-1: Foul Ball, location: 2F 0-2: Fielders Choice at 2nd, 6-4 (Groundball, 6, EV 87.5 MPH)
|
| Top of the 6th over - 0 runs, 0 hits, 1 error, 1 left on base; Birmingham 10 - Jackson 1 |
| BOTTOM OF THE 6TH |
|
Jackson Generals batting - Pitching for Birmingham Barons : RHP Clay Redman
|
|
Batting: RHB Tomokazu Sugimoto
|
0-0: Foul Ball, location: 2F 0-1: Foul Ball, location: 2F 0-2: SINGLE (Line Drive, 78S, EV 105.6 MPH)
|
|
Batting: RHB Enrique Valdez
|
0-0: Called Strike 0-1: Foul Ball, location: 2F 0-2: Foul Ball, location: 2F 0-2: Strikes out swinging
|
|
Pitching: LHP Jimmy Ford
|
|
|
Batting: RHB Julian Gregory
|
0-0: Called Strike 0-1: Ball 1-1: SINGLE (Groundball, 4, EV 103.8 MPH) Tomokazu Sugimoto to second Tomokazu Sugimoto to third
|
|
Batting: RHB Mike Conaway
|
0-0: Ball Julian Gregory steals 2nd base 1-0: Called Strike 1-1: Ball 2-1: Ball 3-1: Ground out 6-3 (Groundball, 6, EV 101.9 MPH) Tomokazu Sugimoto scores
|
|
Batting: RHB Kagetoki Kawai
|
0-0: Ball 1-0: Ground out 6-3 (Groundball, 6, EV 93.8 MPH)
|
| Bottom of the 6th over - 1 run, 2 hits, 0 errors, 1 left on base; Birmingham 10 - Jackson 2 |
| TOP OF THE 7TH |
|
Birmingham Barons batting - Pitching for Jackson Generals : RHP Jose Acevedo
|
|
Pinch Hitting: SHB Olaf Zoeteman
|
0-0: Called Strike 0-1: Ground out 6-3 (Groundball, 6M, EV 98.1 MPH)
|
|
Pitching: RHP Kieran Easton
|
|
|
Pinch Hitting: RHB David Clark
|
0-0: Called Strike 0-1: SINGLE (Groundball, 56S, EV 73.1 MPH) (infield hit)
|
|
Pinch Hitting: RHB Kevin Chafe
|
0-0: Swinging Strike 0-1: Fielders Choice at 2nd, 5-4 (Groundball, 56S, EV 81.2 MPH)
|
|
Pinch Hitting: RHB Mike Savage
|
0-0: Ball 1-0: Foul Ball, location: 2F 1-1: Fly out, F7 (Line Drive, 7S, EV 93.8 MPH)
|
| Top of the 7th over - 0 runs, 1 hit, 0 errors, 1 left on base; Birmingham 10 - Jackson 2 |
| BOTTOM OF THE 7TH |
|
Jackson Generals batting - Pitching for Birmingham Barons : LHP Jimmy Ford
|
|
Now at 2B: Olaf Zoeteman
|
|
|
Now in LF: Kevin Chafe
|
|
|
Now in CF: Mike Savage
|
|
|
Now in RF: David Clark
|
|
|
Batting: SHB Brendan Bundy
|
0-0: Ball 1-0: Swinging Strike 1-1: Ground out 4-3 (Groundball, 4, EV 98.8 MPH)
|
|
Batting: RHB Ching-hsia Zhang
|
0-0: Foul Ball, location: 2F 0-1: Ball 1-1: Swinging Strike 1-2: Ball 2-2: Ball 3-2: Foul Ball, location: 2F 3-2: Ground out 6-3 (Groundball, 6, EV 81.2 MPH)
|
|
Batting: RHB Victor Rosas
|
0-0: Ball 1-0: Ground out 6-3 (Groundball, 56, EV 81.2 MPH)
|
| Bottom of the 7th over - 0 runs, 0 hits, 0 errors, 0 left on base; Birmingham 10 - Jackson 2 |
| TOP OF THE 8TH |
|
Birmingham Barons batting - Pitching for Jackson Generals : RHP Kieran Easton
|
|
Batting: LHB Justin Stickney
|
0-0: Ball 1-0: Ball 2-0: Called Strike 2-1: Ground out 5-3 (Groundball, 56S, EV 63.1 MPH)
|
|
Pinch Hitting: RHB John Iddings
|
0-0: Ball 1-0: Fly out, F9 (Line Drive, 3D, EV 71.2 MPH)
|
|
Pinch Hitting: LHB Alex Mendoza
|
0-0: Ball 1-0: Swinging Strike 1-1: Ball 2-1: Swinging Strike 2-2: Foul Ball, location: 2F 2-2: Foul Ball, location: 2F 2-2: Ball 3-2: Strikes out swinging
|
| Top of the 8th over - 0 runs, 0 hits, 0 errors, 0 left on base; Birmingham 10 - Jackson 2 |
| BOTTOM OF THE 8TH |
|
Jackson Generals batting - Pitching for Birmingham Barons : LHP Jimmy Ford
|
|
Now at 1B: Alex Mendoza
|
|
|
Now at SS: John Iddings
|
|
|
Batting: RHB Egidius Kruger
|
0-0: Ball 1-0: Ball 2-0: Foul Ball, location: 2F 2-1: Fly out, F9 (Line Drive, 9S, EV 98.1 MPH)
|
|
Batting: RHB Tomokazu Sugimoto
|
0-0: Foul Ball, location: 2F 0-1: Ball 1-1: Called Strike 1-2: Foul Ball, location: 2F 1-2: Ball 2-2: SINGLE (Groundball, 34D, EV 97.5 MPH)
|
|
Batting: RHB Enrique Valdez
|
0-0: Called Strike 0-1: Foul Ball, location: 2F 0-2: Strikes out swinging
|
|
Batting: RHB Julian Gregory
|
0-0: Ball 1-0: Ball Wild Pitch! Tomokazu Sugimoto to second 2-0: Ball 3-0: Called Strike 3-1: Base on Balls
|
|
Pinch Hitting: LHB Mario Cardona
|
0-0: SINGLE (Line Drive, 7LS, EV 108.1 MPH) Tomokazu Sugimoto to third Julian Gregory to second
|
|
Batting: RHB Kagetoki Kawai
|
0-0: Ball 1-0: Ball 2-0: Ball 3-0: Ground out 5-3 (Groundball, 5S, EV 70.0 MPH)
|
| Bottom of the 8th over - 0 runs, 2 hits, 0 errors, 3 left on base; Birmingham 10 - Jackson 2 |
| TOP OF THE 9TH |
|
Birmingham Barons batting - Pitching for Jackson Generals : RHP Kieran Easton
|
|
Now at 1B: Mario Cardona
|
|
|
Pinch Hitting: LHB Ryan Dyal
|
0-0: Ball 1-0: Ball 2-0: Ball 3-0: Called Strike 3-1: Called Strike 3-2: Base on Balls
|
|
Batting: SHB Josh Conner
|
0-0: SINGLE (Groundball, 34D, EV 96.2 MPH) Ryan Dyal to second Runner from 2nd tries for 3rd, SAFE, throw by RF made to third
|
|
Batting: SHB Olaf Zoeteman
|
0-0: Ball 1-0: Ball 2-0: Called Strike 2-1: Ball 3-1: Foul Ball, location: 2F 3-2: Strikes out swinging
|
|
Batting: RHB David Clark
|
0-0: Foul Ball, location: 2F 0-1: Ball 1-1: Ball 2-1: Ball 3-1: Base on Balls Josh Conner to second
|
|
Pitching: LHP Chan-u Lee
|
|
|
Batting: RHB Kevin Chafe
|
0-0: Ball 1-0: Foul Ball, location: 2F 1-1: Ball 2-1: Ball 3-1: Base on Balls Ryan Dyal scores Josh Conner to third David Clark to second
|
|
Batting: RHB Mike Savage
|
0-0: Called Strike 0-1: Ball 1-1: Grounds into fielders choice U2 (Groundball, 2R, EV 69.4 MPH) David Clark to third Kevin Chafe to second
|
|
Batting: LHB Justin Stickney
|
0-0: Called Strike 0-1: Foul Ball, location: 2F 0-2: Foul Ball, location: 2F 0-2: Ball 1-2: Fly out, F7 (Flyball, 7, EV 96.9 MPH)
|
| Top of the 9th over - 1 run, 1 hit, 0 errors, 3 left on base; Birmingham 11 - Jackson 2 |
| BOTTOM OF THE 9TH |
|
Jackson Generals batting - Pitching for Birmingham Barons : LHP Jimmy Ford
|
|
Now at C: Noel Wilson
|
|
|
Batting: SHB Brendan Bundy
|
0-0: Ball 1-0: Called Strike 1-1: Called Strike 1-2: Ground out 6-3 (Groundball, 6, EV 85.0 MPH)
|
|
Batting: RHB Ching-hsia Zhang
|
0-0: SINGLE (Groundball, 6D, EV 100.0 MPH)
|
|
Pinch Hitting: RHB Justin Colella
|
0-0: Called Strike 0-1: Ball 1-1: Ball 2-1: Ball 3-1: Base on Balls Ching-hsia Zhang to second
|
|
Pitching: LHP Brennan Duncan
|
|
|
Batting: RHB Egidius Kruger
|
0-0: Fielders Choice at 2nd, 1-6 (Groundball, 13S, EV 74.4 MPH) Ching-hsia Zhang to third
|
|
Batting: RHB Tomokazu Sugimoto
|
0-0: Fly out, F9 (Flyball, 9LM, EV 88.1 MPH)
|
| Bottom of the 9th over - 0 runs, 1 hit, 0 errors, 2 left on base; Birmingham 11 - Jackson 2 |
|